 Dungeon Crawl Stone Soup version 0.26.1-11-gd32895ea62 (webtiles) character file.

Game seed: 15644704546851005046

530 tardwrangler69 the Digger (level 7, -1/50 HPs)
             Began as a Black Draconian Earth Elementalist on Apr 13, 2021.
             Was an Initiate of Vehumet.
             Succumbed to a worker ant's poison
             ... on level 5 of the Dungeon.
             The game lasted 00:06:23 (5144 turns).

tardwrangler69 the Digger (DrEE)                    Turns: 5144, Time: 00:06:25

Health: -1/50      AC:  9    Str: 11    XL:     7   Next: 3%
Magic:  4/13       EV: 12    Int: 17    God:    Vehumet [......]
Gold:   151        SH:  0    Dex: 11    Spells: 3/14 levels left

rFire    . . .     SeeInvis .   f - +0 whip
rCold    . . .     Faith    .   (no shield)
rNeg     . . .     Spirit   +   (armour unavailable)
rPois    .         Reflect  .   (helmet restricted)
rElec    +         Harm     .   e - scarf {repulsion}
rCorr    .         Rampage  .   (no gloves)
Will     .....                  c - +2 pair of boots
Stlth    ++........             i - amulet of guardian spirit
HPRegen  0.16/turn              (no ring)
MPRegen  0.13/turn              (no ring)

@: lethally poisoned (-1 -> -16), repel missiles
A: breathe lightning, unfitting armour, electricity resistance, cold-blooded, AC
+6
a: Breathe Lightning, Renounce Religion


You were on level 5 of the Dungeon.
You worshipped Vehumet.
Vehumet was noncommittal.
You visited 2 branches of the dungeon, and saw 6 of its levels.
You also visited: Sewer.

You collected 151 gold pieces.

Inventory:

Hand Weapons
 f - a +0 whip (weapon)
Missiles
 b - 124 stones
Armour
 c - a +2 pair of boots (worn)
 e - a scarf of repulsion (worn)
Jewellery
 i - an amulet of guardian spirit (around neck)
 u - an uncursed ring of fire
Wands
 o - a wand of random effects (14)
Scrolls
 a - a scroll of identify
 h - 2 scrolls of teleportation {unknown}
 j - a scroll of immolation {unknown}
 l - 2 scrolls of remove curse
 m - a scroll of fog {unknown}
 n - 2 scrolls of amnesia {unknown}
 p - a scroll of noise {unknown}
 v - a scroll of fear {unknown}
 w - a scroll of enchant weapon {unknown}
 x - a scroll of magic mapping {unknown}
Potions
 d - 4 potions of curing
 g - a potion of berserk rage {unknown}
 k - a potion of haste {unknown}
 q - 4 potions of brilliance
 r - 4 potions of heal wounds {unknown}
 s - a potion of flight {unknown}
 t - 2 potions of might {unknown}


   Skills:
 - Level 1.7 Dodging
 - Level 1.7 Stealth
 + Level 4.3 Spellcasting
 - Level 1.0 Transmutations
 * Level 5.6 Earth Magic


You had 3 spell levels left.
You knew the following spells:

 Your Spells              Type           Power        Failure   Level
a - Sandblast             Erth           44%          1%          1
b - Stone Arrow           Conj/Erth      26%          14%         3
c - Passwall              Tmut/Erth      12%          6%          2
d - Lee's Rapid Deconstr  Erth           11%          38%         5

Your spell library contained the following spells:

 Spells                   Type           Power        Failure   Level
 Corona                   Hex            3%           16%         1
 Ensorcelled Hibernation  Hex/Ice        6%           24%         2
 Confusing Touch          Hex            3%           43%         3
 Dazzling Flash           Conj/Hex       6%           43%         3
 Tukima's Dance           Hex            3%           43%         3
 Petrify                  Tmut/Erth      15%          36%         4


Dungeon Overview and Level Annotations

Branches:
Dungeon (5/15)             Temple (1/1) D:4           Sewer (visited)

Altars:
Ashenzari
Dithmenos
Elyvilon
Gozag
Kikubaaqudgha
Makhleb
Okawaru
Qazlal
Ru
Sif Muna
Trog
Uskayaw
Vehumet
Xom
Yredelemnul
Zin
The Shining One

Shops:
D:5 *


Innate Abilities, Weirdness & Mutations

You can breathe wild blasts of lightning.
Your glossy black scales are hard. (AC +6)
You cannot fit into any form of body armour.
You are resistant to electric shocks. (rElec)
You are cold-blooded and may be slowed by cold attacks.


Message History

* * * LOW HITPOINT WARNING * * *
You feel sick.
The worker ant bites you but does no damage.
* * * LOW HITPOINT WARNING * * *
You feel sick. The worker ant completely misses you.
* * * LOW HITPOINT WARNING * * *
You feel sick. The worker ant misses you.
* * * LOW HITPOINT WARNING * * *
You feel sick. The worker ant completely misses you. The worker ant bites you.
* * * LOW HITPOINT WARNING * * *
You are more poisoned.
The worker ant poisons you!
* * * LOW HITPOINT WARNING * * *
You feel sick. The worker ant barely misses you.
* * * LOW HITPOINT WARNING * * *
You feel sick.
The worker ant bites you but does no damage.
* * * LOW HITPOINT WARNING * * *
You feel sick. The worker ant bites you.
You die...

.##.######
......B@.#
.##.####.# # #.#
.# #.# ##.# #
##.###..####
...###..........#
........#.....#.#
....##..........#
......#.#.⌠.⌠.#.#


You could see a worker ant.

Vanquished Creatures
  2 ogres (D:4)
  A bullfrog (D:3)
  A water moccasin skeleton (D:5)
  2 hounds (D:4)
  Natasha (D:2)
  A worker ant zombie (D:2)
  A river rat (D:3)
  An adder (D:3)
  2 oozes (Sewer)
  A worm (D:2)
  2 dart slugs
  7 leopard geckos
  9 orcs
  A ball python (Sewer)
  10 bats
  4 giant cockroaches
  6 goblins
  9 hobgoblins
  4 jackals (D:1)
  2 quokkas
  8 frilled lizards
  21 kobolds
  A quokka skeleton (D:5)
  9 rats
106 creatures vanquished.

Vanquished Creatures (others)
  3 plants (Sewer)
3 creatures vanquished.

Grand Total: 109 creatures vanquished

Notes
Turn   | Place    | Note
-------+----------+-------------------------------------------
     0 | D:1      | tardwrangler69 the Draconian Earth Elementalist began the
                  | quest for the Orb.
     0 | D:1      | Reached XP level 1. HP: 14/14 MP: 3/3
   400 | D:1      | Reached XP level 2. HP: 7/20 MP: 3/5
  1008 | D:1      | Reached XP level 3. HP: 24/26 MP: 2/6
  1396 | D:2      | Reached skill level 4 in Earth Magic
  1820 | D:2      | Noticed Natasha
  1829 | D:2      | Killed Natasha
  1830 | D:2      | Reached XP level 4. HP: 25/33 MP: 0/8
  1982 | D:3      | Found a shadowy altar of Dithmenos.
  2229 | D:3      | Noticed a bullfrog
  2244 | D:3      | Killed a bullfrog
  2245 | D:3      | Reached skill level 5 in Earth Magic
  2245 | D:3      | Reached XP level 5. HP: 18/38 MP: 3/9
  2542 | D:3      | Found a glowing drain.
  2546 | Sewer    | Entered a sewer
  3461 | D:3      | Found a stormy altar of Qazlal.
  3780 | D:4      | Noticed an ogre
  3785 | D:4      | Killed an ogre
  3786 | D:4      | Reached skill level 6 in Earth Magic
  3786 | D:4      | Reached XP level 6. HP: 45/45 MP: 7/11
  3955 | D:4      | Learned a level 3 spell: Stone Arrow
  3958 | D:4      | Learned a level 2 spell: Passwall
  3964 | D:4      | Learned a level 5 spell: Lee's Rapid Deconstruction
  4165 | D:4      | Found a basalt altar of Yredelemnul.
  4167 | D:4      | Noticed a profane servitor
  4173 | D:4      | Found a glowing golden altar of the Shining One.
  4175 | D:4      | Noticed an angel
  4470 | D:4      | Found a staircase to the Ecumenical Temple.
  4474 | Temple   | Entered the Ecumenical Temple
  4666 | Temple   | Became a worshipper of Vehumet
  4901 | D:5      | Entered Level 5 of the Dungeon
  4917 | D:5      | Your scales start taking on a glossy black colour.
  4917 | D:5      | Reduced skill Earth Magic to level 5
  4917 | D:5      | Reached XP level 7. HP: 39/50 MP: 10/13
  4917 | D:5      | Gained mutation: You are resistant to electric shocks.
                  | (rElec) [Black Draconian growth]
  5001 | D:5      | Found an opulent altar of Gozag.
  5007 | D:5      | Found Gozag's Platinum Reserve.
  5032 | D:5      | Found a broken altar of Ashenzari.
  5083 | D:5      | Found a white marble altar of Elyvilon.
  5142 | D:5      | HP: 2/50 [poisoned by a worker ant]
  5144 | D:5      | Succumbed to a worker ant's poison

Illustrated notes

Levels and vault maps discovered:
D:1:      dpeg_arrival_windows_large_door, layout_loops_ring
D:2:      layout_basic, uniq_natasha
D:3:      layout_rooms, grunt_dithmenos_smoke, gup_sewer_entry_spiral,
          minmay_misc_feat_alley, grunt_qazlal_clouds
D:4:      layout_basic, grunt_temple_overflow_holy_war, temple_hall_moat
D:5:      layout_loops_ring, kennysheep_mini_moat,
          nicolae_gozag_zags_fifth_avenue, serial_shops,
          nicolae_shop_waterfront, elyvilon_altar_5, uniq_prince_ribbit1,
          uniq_grinder
Temple:   grunt_temple_mini_profane

Skill      XL: |  1  2  3  4  5  6 |
---------------+-------------------+-----
Earth Magic    | 4 5 6 5 |  5.6
Spellcasting   | 3 4 |  4.3
Dodging        | |  1.7
Stealth        | |  1.7
Transmutations | |  1.0

Action                   |  1- 3 |  4- 6 |  7- 9 || total
-------------------------+-------+-------+-------++-------
Melee: Unarmed           |    21 |       |       ||    21
       Dagger            |    54 |       |       ||    54
       Tailslap          |    19 |    22 |       ||    41
       Whip              |   113 |   281 |     4 ||   398
 Cast: Sandblast         |    15 |    34 |       ||    49
  Use: Scroll            |       |     3 |       ||     3
 Stab: Sleeping          |     1 |     2 |       ||     3
Armor: Skin              |    94 |   148 |    16 ||   258
Dodge: Dodged            |   125 |   267 |    15 ||   407
       Repelled          |       |     1 |       ||     1
